 Dungeon Crawl Stone Soup version 0.20.1-1-g8b1a95d (webtiles) character file.

245 ReteAZ the Skirmisher (level 6, -2/40 HPs)
             Began as a Gargoyle Fighter on July 30, 2017.
             Killed from afar by an orc wizard (9 damage)
             ... with a puff of frost
             ... on level 4 of the Dungeon.
             The game lasted 00:04:41 (2605 turns).

ReteAZ the Skirmisher (Gargoyle Fighter)            Turns: 2605, Time: 00:04:41

Health: -2/40      AC: 11    Str: 19    XL:     6   Next: 10%
Magic:  6/6        EV:  7    Int: 14    God:
Gold:   123        SH:  9    Dex:  9    Spells: 5/5 levels left

rFire    . . .     SeeInvis .   a - +0 war axe
rCold    . . .     Gourm    .   c - +0 shield
rNeg     + . .     Faith    .   b - +0 scale mail
rPois    ∞         Spirit   .   (no helmet)
rElec    +         Reflect  .   (no cloak)
rCorr    .         Harm     .   (no gloves)
MR       .....                  (no boots)
Stlth    ..........             (no amulet)
Regen    0.2/turn               h - +3 ring of intelligence
MPRegen  0.1/turn               (no ring)

@: no status effects
A: negative energy resistance 1, electricity resistance, unbreathing,
petrification resistance, rot immunity, AC +4
a: no special abilities


You were on level 4 of the Dungeon.
You were not hungry.

You visited 1 branch of the dungeon, and saw 4 of its levels.

You collected 123 gold pieces.

Inventory:

Hand Weapons
 a - a +0 war axe (weapon)
Missiles
 e - 189 stones (quivered)
Armour
 b - a +0 scale mail (worn)
 c - a +0 shield (worn)
Jewellery
 h - a +3 ring of intelligence (left hand)
 l - an uncursed amulet of magic regeneration {unknown}
 r - an uncursed ring of resist corrosion {unknown}
 s - an uncursed ring of positive energy {unknown}
Scrolls
 g - a scroll of noise {unknown}
 i - a scroll of random uselessness {unknown}
 j - 4 scrolls of remove curse {unknown}
 k - 2 scrolls of identify {unknown}
Potions
 d - 2 potions of might
 m - a potion of lignification {unknown}
 n - 4 potions of curing {unknown}
 p - a potion of flight {unknown}
 t - a potion of brilliance {unknown}
 u - a potion of berserk rage {unknown}
 x - a potion of resistance {unknown}
 z - a potion of haste {unknown}
 A - a potion of heal wounds {unknown}
Books
 q - a book of Minor Magic

   Spells                             Type                      Level
   a - Magic Dart                     Conjuration                  1
   b - Blink                          Translocation                2
   c - Call Imp                       Summoning                    2
   d - Slow                           Hexes                        2
   e - Conjure Flame                  Conjuration/Fire             3
   f - Mephitic Cloud                 Conjuration/Poison/Air       3
Comestibles
 f - 3 bread rations
 o - 2 royal jellies
 w - 2 meat rations


   Skills:
 - Level 5.0 Fighting
 * Level 4.6 Axes
 - Level 3.2 Armour
 - Level 3.2 Shields


You had 5 spell levels left.
You didn't know any spells.

Dungeon Overview and Level Annotations

Branches:
Dungeon (4/15)
 Temple: D:4-7

Altars:

Annotations:
D:3 cba's ghost, amateur SpWr


Innate Abilities, Weirdness & Mutations

You are resistant to torment.
Your stone body is resilient. (AC +4)
You are immune to poison.
You resist negative energy. (rN+)
You are resistant to electric shocks. (rElec)
You can survive without breathing.
You are immune to petrification.
You are immune to rotting.


Message History

You slash the orc priest!
You kill the orc priest!
You have reached level 6!
Your experience leads to an increase in your attributes!
Your base attributes are Str 19, Int 10, Dex 9.
Increase (S)trength, (I)ntelligence, or (D)exterity?
You feel clever.
You barely miss the iguana. You closely miss the orc wizard.
You hit the orc priest. You block the orc wizard's attack.
The orc priest mumbles some strange prayers to Beogh against you.
Pain shoots through your body! The iguana barely misses you.
The orc wizard points at you and mumbles some strange words.
The puff of frost hits you!
* * * LOW HITPOINT WARNING * * *
The orc wizard closely misses you.
The orc priest looks braver for a moment.
You block the iguana's attack.
The orc wizard gestures at you while chanting.
The puff of frost hits you!
You die...

... #....##
....#.....##
....#......#
#..........
#........#
#..?.....#
#....Olo.#
#....[@o.#
#....)...#
##########


You could see an ogre, an iguana, an orc priest and an orc wizard.

Vanquished Creatures
  An orc priest (D:4)
  Robin (D:2)
  3 gnolls (D:3)
  3 adders (D:3)
  4 oozes
  3 worms (D:2)
  A dart slug (D:1)
  14 orcs
  6 bats
  3 giant cockroaches
  15 goblins
  9 hobgoblins
  13 jackals
  A quokka (D:2)
  3 ball pythons (D:3)
  5 frilled lizards
  14 kobolds
  6 rats
105 creatures vanquished.

Notes
Turn   | Place    | Note
-------+----------+-------------------------------------------
     0 | D:1      | ReteAZ the Gargoyle Fighter began the quest for the Orb.
     0 | D:1      | Reached XP level 1. HP: 14/14 MP: 1/1
    71 | D:1      | Reached XP level 2. HP: 19/19 MP: 2/2
   271 | D:1      | Reached XP level 3. HP: 21/24 MP: 3/3
   731 | D:2      | Found a faded altar of an unknown god.
   827 | D:2      | Reached skill level 4 in Fighting
   946 | D:2      | Noticed Robin
   949 | D:2      | Reached XP level 4. HP: 29/29 MP: 4/4
   972 | D:2      | Killed Robin
  1608 | D:3      | Noticed cba's ghost (amateur SpWr)
  1697 | D:3      | Reached XP level 5. HP: 33/34 MP: 5/5
  2415 | D:3      | Reached skill level 5 in Fighting
  2602 | D:4      | Noticed an ogre
  2604 | D:4      | Reached XP level 6. HP: 21/40 MP: 6/6
  2605 | D:4      | Killed from afar by an orc wizard

Skill      XL: |  1  2  3  4  5 |
---------------+----------------+-----
Axes           | 2 3 4 |  4.6
Fighting       | 4 5 |  5.0
Armour         | |  3.2
Shields        | |  3.2

Action                   |  1- 3 |  4- 6 || total
-------------------------+-------+-------++-------
Melee: War axe           |   117 |   197 ||   314
Throw: Stone             |       |     1 ||     1
  Eat: Chunk             |       |     6 ||     6
Armor: Scale mail        |    43 |    92 ||   135
Dodge: Dodged            |    61 |    64 ||   125
Block: Shield            |    58 |    93 ||   151
